Map: King's Cove LE

Players

llllllllllll

  • Race: Terran Terran
  • Spawn Location: 11:00

wootwoot - Winner!

  • Race: Protoss Protoss
  • League: Diamond
  • Spawn Location: 5:00

VOD

Have the link to the VOD?

Description

Time

  • Played on: April 2, 2025, 4 p.m.
  • Length: 7:05
Show
View Real Time Build Order
Export as new Build Order

llllllllllll Terran 

Build Orders:  

Get SALT Encoding   

  12  0:00  SCV  
  13  0:12  SCV  
  14  0:20  Supply Depot  
  14  0:24  SCV  
  15  0:42  SCV  
  16  0:53  Barracks  
  16  0:57  SCV  
  16  0:59  Refinery  
  17  1:09  SCV  
  18  1:21  SCV  
  19  1:33  SCV  
  20  1:41  Marine  
  20  1:46  Orbital Command  
  21  1:53  Command Center  
  21  2:05  Barracks Reactor  
  21  2:11  Supply Depot  
  21  2:12  SCV  
  22  2:24  SCV  
  23  2:37  SCV, Barracks  
  23  2:39  Barracks  
  23  2:40  Bunker  
  23  2:44  Marine x2  
  24  2:49  SCV  
  27  3:02  Marine x2  
  29  3:06  Orbital Command  
  29  3:09  SCV  
  30  3:19  Marine x2  
  30  3:21  SCV  
  30  3:25  Barracks Tech Lab  
  33  3:27  Barracks Tech Lab  
  33  3:31  SCV  
  33  3:33  SCV  
  35  3:37  Marine x2  
  37  3:43  SCV, Stimpack  
  37  3:44  Combat Shield, Marine  
  37  3:45  SCV, Marine  
  41  3:56  Supply Depot, SCV, Marine x2  
  41  3:57  SCV  
  45  4:04  Supply Depot  
  45  4:10  Marine  
  46  4:18  SCV x2, Marine x2, Marauder  
  46  4:22  Supply Depot  
  52  4:29  Engineering Bay  
  52  4:30  SCV x2  
  54  4:38  Marine x2  
  56  4:40  Marauder x2  
  56  4:42  SCV  
  56  4:44  Supply Depot  
  61  4:47  Factory  
  61  4:49  Refinery  
  61  4:50  SCV  
  62  4:56  Terran Infantry Weapons Level 1  
  62  4:59  Marine x2, Refinery  
  64  5:04  Marine x2  
  67  5:14  SCV x2  
  67  5:16  Command Center  
  67  5:29  Marine x2  
  48  5:57  Marine  
  48  5:59  Marine  
Show
View Real Time Build Order
Export as new Build Order

wootwoot Protoss - Winner!

Build Orders: 1 Gate Expand, Blink Stalkers 

Get SALT Encoding   

  12  0:00  Probe  
  13  0:12  Probe  
  14  0:18  Pylon  
  14  0:24  Probe  
  15  0:32  Probe  
  15  0:38  Gateway  
  15  0:41  Probe  
  16  0:46  Assimilator  
  17  0:51  Probe  
  18  1:03  Probe  
  19  1:15  Probe  
  20  1:24  Nexus  
  20  1:35  Cybernetics Core  
  20  1:40  Assimilator  
  20  1:42  Probe  
  21  1:50  Probe  
  21  1:51  Pylon  
  22  1:58  Probe  
  22  1:59  Stalker  
  23  2:09  Probe  
  23  2:12  Warp Gate  
  26  2:21  Probe  
  27  2:27  Twilight Council  
  27  2:31  Stalker  
  29  2:37  Probe  
  29  2:38  Probe  
  29  2:43  Blink  
  31  2:45  Probe  
  31  2:50  Probe  
  33  2:55  Probe  
  34  3:02  Probe  
  35  3:16  Gateway  
  35  3:18  Gateway  
  35  3:23  Robotics Facility  
  35  3:25  Probe  
  36  3:27  Probe  
  37  3:37  Probe  
  37  3:39  Probe  
  39  3:47  Gateway  
  39  3:48  Gateway  
  39  3:51  Gateway  
  39  3:55  Probe x2  
  41  3:59  Pylon  
  41  4:00  Warp Prism  
  41  4:17  Stalker  
  45  4:18  Stalker  
  45  4:23  Stalker  
  49  4:26  Pylon  
  49  4:34  Pylon  
  49  4:46  Pylon  
  49  4:51  Probe  
  50  4:58  Stalker x2  
  50  4:59  Stalker x3  
  60  5:02  Stalker  
  62  5:23  Stalker x4  
  62  5:26  Stalker  
  72  5:32  Stalker  
  74  5:45  Pylon x2  
  74  5:46  Pylon  
  67  5:59  Zealot  
  67  6:00  Zealot  
  62  6:34  Pylon  
  62  6:36  Pylon  
  62  6:38  Pylon  
  60  7:00  Stalker x2  
  60  7:01  Stalker x4  
Tags
 
Composition
Blink Stalkers
League
Diamond
Matchup
PvT
Replay Pack
B2M-Replays
Spawn Locations
Cross Positions
Add a new tag
Caveats
  • Supply blocks, unpowered buildings, or Contaminate may cause inaccurate times.
  • Supply counts are checked every 10 seconds.